Map: Romanticide LE

Players

Dream

  • Race: Terran Terran
  • League: Master

DPGDark (Dark) - Winner!

  • Race: Zerg Zerg
  • League: Master

Event: DreamHack SC2 Masters 2021 Winter

VOD

Have the link to the VOD?

Description

Time

  • Played on: Sept. 22, 2021, 3:05 a.m.
  • Length: 3:38

All games in this series

Show
View Real Time Build Order
Export as new Build Order

Dream Terran 

Build Orders:  

Get SALT Encoding   

  12  0:00  SCV  
  13  0:12  SCV  
  14  0:17  Supply Depot  
  14  0:24  SCV  
  15  0:39  Barracks  
  15  0:49  Barracks  
  15  1:01  Barracks  
  15  1:05  SCV  
  16  1:17  SCV  
  17  1:26  Marine  
  17  1:30  Orbital Command  
  18  1:36  Marine  
  19  1:43  Supply Depot  
  19  1:44  Marine  
  20  1:48  Marine  
  20  1:53  Marine  
  22  1:58  SCV  
  23  2:05  Marine  
  23  2:06  Marine  
  23  2:08  Bunker  
  25  2:11  SCV  
  26  2:18  Marine  
  25  2:22  Bunker, Marine  
  25  2:25  SCV  
  25  2:27  Marine  
  27  2:36  Marine  
  27  2:37  SCV  
  27  2:40  Marine  
  29  2:50  SCV  
  29  2:51  Refinery x2  
  28  2:54  Marine x2  
  30  2:59  Supply Depot  
  30  3:05  SCV  
  31  3:06  Bunker  
  31  3:14  Marine x2  
  31  3:17  SCV  
Show
View Real Time Build Order
Export as new Build Order

DPGDark Zerg - Winner!

Build Orders: Pool First 

Get SALT Encoding   

  12  0:00  Drone  
  13  0:12  Overlord  
  13  0:17  Drone  
  14  0:30  Drone x2  
  14  0:35  Drone  
  17  0:44  Spawning Pool  
  17  0:47  Drone  
  17  0:55  Drone  
  18  1:10  Hatchery  
  17  1:13  Extractor  
  16  1:31  Zergling x6, Queen  
  21  1:45  Roach Warren  
  20  1:49  Overlord  
  20  1:59  Zergling x2  
  21  2:05  Zergling x2  
  19  2:25  Roach x3  
  25  2:33  Roach  
  25  2:36  Roach  
  28  2:40  Roach  
  29  2:48  Roach  
  31  2:54  Zergling x4  
  31  2:55  Zergling x2  
  34  2:59  Zergling x2  
  35  3:09  Zergling x2  

Tags
 
Add a new tag
Caveats
  • Supply blocks, unpowered buildings, or Contaminate may cause inaccurate times.
  • Supply counts are checked every 10 seconds.